 Dungeon Crawl Stone Soup version 0.30-a0-381-g6ea064c7b4 (webtiles) character file.

Game seed: 8423556730700372464

19709 funkygono the Thaumaturge (level 12, -2/78 HPs)
             Began as a Demonspawn Fire Elementalist on Nov 30, 2022.
             Was a High Priest of Vehumet.
             Slain by a stone giant (21 damage)
             ... in a volcano on Dec 1, 2022.
             The game lasted 00:31:28 (15097 turns).

funkygono the Thaumaturge (DsFE)                   Turns: 15097, Time: 00:31:28

Health: -2/78      AC: 18    Str:  9    XL:     12   Next: 38%
Magic:  26/28      EV: 12    Int: 21    God:    Vehumet [*****.]
Gold:   1628       SH: 12    Dex: 14    Spells: 10/36 levels left

rFire   + . .      SeeInvis .    G - +3 flail (protect)
rCold   . . .      Faith    .    e - +3 buckler of the Unseen Realm {Harm rC+}
rNeg    . . .      Spirit   .    L - +1 steam dragon scales
rPois   .          Reflect  .    (helmet restricted)
rElec   .          Harm     +    (no cloak)
rCorr   .          Rampage  .    y - +1 pair of gloves
Will    .....                    d - +1 pair of boots {Fly}
Stlth   ++........               x - amulet of the acrobat
HPRegen 0.33/turn                t - ring of fire
MPRegen 0.21/turn                F - +4 ring of protection

@: flying
A: antennae 2, hooves 1, foul stench 1, icemail 1, condensation shield, demonic
touch 2
a: Renounce Religion


You were in a volcano.
You worshipped Vehumet.
Vehumet was extremely pleased with you.
You visited 2 branches of the dungeon, and saw 13 of its levels.
You also visited: Volcano.

You collected 1628 gold pieces.

Inventory:

Hand Weapons
 s - a +0 vorpal whip
 G - a +3 flail of protection (weapon)
Missiles
 h - a throwing net
Armour
 d - a +1 pair of boots of flying (worn)
 e - the +3 buckler of the Unseen Realm (worn) {Harm rC+}
   (You acquired it on level 5 of the Dungeon)

   rC:        It protects you from cold.
   Harm:      It increases damage dealt and taken.
 y - a +1 pair of gloves (worn)
 L - +1 steam dragon scales (worn)
Jewellery
 a - a +6 ring of dexterity
 i - a +4 ring of protection
 t - a ring of fire (left hand)
 w - a ring of protection from fire
 x - an amulet of the acrobat (around neck)
 B - a ring of poison resistance
 F - a +4 ring of protection (right hand)
Wands
 g - a wand of charming (5)
 N - a wand of flame (18)
Scrolls
 j - a scroll of fear
 k - 3 scrolls of blinking
 m - 3 scrolls of magic mapping
 u - a scroll of summoning
 C - 3 scrolls of teleportation
 I - 6 scrolls of identify
 K - 4 scrolls of amnesia
Potions
 b - 2 potions of heal wounds
 c - a potion of invisibility
 f - a potion of ambrosia
 l - 11 potions of curing
 n - 3 potions of resistance
 o - 5 potions of brilliance
 p - 4 potions of mutation
 q - 3 potions of haste
 r - a potion of attraction {unknown}
 v - a potion of berserk rage {unknown}
 z - a potion of might {unknown}
 D - a potion of cancellation
 H - a potion of magic


   Skills:
 + Level 2.1 Fighting
 + Level 1.2 Maces & Flails
 + Level 3.6 Dodging
 - Level 1.7 Stealth
 + Level 2.9 Shields
 + Level 12.5 Spellcasting
 + Level 8.0 Conjurations
 + Level 11.4 Fire Magic
 + Level 0.7 Ice Magic
 + Level 1.2 Air Magic
 * Level 1.8 Earth Magic


You had 10 spell levels left.
You knew the following spells:

 Your Spells              Type           Power      Damage    Failure   Level
a - Foxfire               Conj/Fire      100%       2x1d9     1%          1
b - Scorch                Fire           100%       2d10      1%          2
c - Kindle Blastsparks    Fire/Tloc/Air  92%        2d17      1%          3
d - Flame Wave            Conj/Fire      69%        2d16      1%          4
e - Kiss of Death         Conj/Necr      100%       2d13      1%          1
f - Magic Dart            Conj           100%       1d8       1%          1
g - Hailstorm             Conj/Ice       31%        3d8       1%          3
h - Lee's Rapid Deconstr  Erth           10%        3d8*      22%         5
i - Iron Shot             Conj/Erth      16%        9d4       32%         6

Your spell library contained the following spells:

 Spells                   Type           Power      Damage    Failure   Level
 Inner Flame              Hex/Fire       54%        N/A       1%          3
 Necrotise                Necr           52%        1d6       7%          1
 Summon Small Mammal      Summ           52%        N/A       7%          1
 Ensorcelled Hibernation  Hex/Ice        28%        N/A       9%          2
 Gell's Gravitas          Tloc           13%        N/A       19%         3
 Lesser Beckoning         Tloc           26%        N/A       19%         3
 Teleport Other           Tloc           13%        N/A       19%         3
 Call Canine Familiar     Summ           13%        N/A       21%         3
 Portal Projectile        Hex/Tloc       26%        N/A       21%         3
 Spider Form              Tmut/Pois      13%        N/A       21%         3
 Summon Guardian Golem    Hex/Summ       13%        N/A       21%         3
 Vampiric Draining        Necr           13%        2d6       21%         3
 Leda's Liquefaction      Hex/Erth       8%         N/A       41%         4
 Anguish                  Hex/Necr       6%         N/A       54%         4
 Agony                    Necr           13%        N/A       88%         5


Dungeon Overview and Level Annotations

Branches:
Dungeon (10/15)            Temple (0/1) D:5            Lair (3/5) D:8
 Shoals (0/4) Lair:2        Snake (0/4) Lair:3          Orc (0/2) D:9
Volcano (1/1)

Altars:
Ashenzari
Dithmenos
Gozag
Hepliaklqana
Kikubaaqudgha
Nemelex Xobeh
Okawaru
Qazlal
Ru
Vehumet
Wu Jian


Innate Abilities, Weirdness & Mutations

You have a pair of antennae on your head.
You have large cloven feet.
You may rarely emit foul miasma when damaged in melee.
A meltable icy envelope protects you from harm. (AC +4)
A meltable shield of frost defends you. (SH +4)
Your touch may inflict irresistible damage on your foes.


Message History

The volcano roars to life, belching forth lava!
You start resting.
Your icy envelope is restored.
You start resting.
Magic restored.
You start resting.
The air gets thick with the scent of sulphur.
You start resting.
The volcano roars to life, belching forth lava!
You start resting.
The air gets thick with the scent of sulphur.
You start resting.
The volcano roars to life, belching forth lava!
You start resting.
HP restored.
You reach down and open the door.
A stone giant comes into view.
Found a rocky tunnel leading out of this place.
Casting: Hailstorm (safe; 1% risk of failure)
Confirm with . or Enter, or press ? or * to list all spells.
Casting: Hailstorm (safe; 1% risk of failure)
Press: ? - help, Dir - look around, f - activate
Okay, then.
Press: ? - help, v - describe, . - travel
Here: a stone giant, quivering large rocks (asleep)
The floor.
Casting: Hailstorm (safe; 1% risk of failure)
Confirm with . or Enter, or press ? or * to list all spells.
You feel a surge of power!
Flames lash the stone giant but do no damage.
The stone giant shouts!
The stone giant throws a large rock.
The large rock barely misses you.
Unknown command.
The stone giant throws a large rock.
The large rock hits you!!!
Ouch! That really hurt!
There is an open door, spattered with blood here.
The stone giant hits you!!
* * * LOW HITPOINT WARNING * * *
You feel much better. The stone giant hits you!!
You die...

≈§§§≈≈≈≈○≈.°# #.# #°.≈≈
≈§≈§≈≈≈≈≈≈≈.# { #.# { #°○○≈
≈§≈≈≈≈§§≈≈..# #.# #○≈≈○
≈≈§≈§≈§≈≈≈≈.# #.# #☼.○≈
§§§°§≈≈≈≈≈..###### #.#.######○§§≈
≈≈§≈≈≈≈≈≈≈≈.#......#.#......#°°§§
≈≈≈≈§§≈≈≈≈..###++###'###++###○○≈§
§≈≈§≈≈≈≈§≈..#....#.))..# #..≈§
§≈§≈≈≈≈≈§≈≈.#.∩C@#.8_8.# { #.§≈≈
≈≈≈§≈≈§§§§..#....'.....+ #..≈≈
§≈§≈≈§≈≈§≈≈.#################.≈≈≈
§§≈≈§≈§≈≈≈....§............§..§§§
§§≈≈§≈≈≈≈≈≈.§§...≈≈≈≈..≈≈.§≈.≈≈≈§
≈≈≈§≈§§§§§§§§§§≈§≈≈≈≈≈≈≈≈§≈≈≈≈≈§§
§≈§§≈≈§§§§≈§§§§≈≈≈≈≈≈≈≈≈≈≈≈§≈§≈≈§
§§§≈§§≈≈≈§≈§§≈≈≈≈≈≈§≈≈≈≈≈§§≈≈≈≈≈≈
§≈≈§≈≈§≈≈≈≈≈§≈≈≈≈≈≈≈≈≈≈≈≈§§≈≈§≈≈≈


You could see a stone giant.

Vanquished Creatures
  The ghost of ThreePointFourteen the Destroyer, a journeyman DrCj of Vehumet (Lair:2)
  Sonja (Lair:1)
  A manticore (Lair:2)
  A black mamba (Lair:1)
  A gargoyle (Volcano)
  A komodo dragon (Lair:2)
  An unseen horror (D:10)
  4 rime drakes
  2 efreet
  5 cane toads
  A troll (D:10)
  2 polar bears (Lair:2)
  A wind drake (Lair:2)
  Grinder (D:6)
  9 blink frogs
  Sigmund (D:6)
  3 wyverns
  A fire elemental (Volcano)
  22 yaks
  2 fire bats (Volcano)
  3 steam dragons
  9 basilisks
  6 water moccasins
  Duvessa (D:6)
  3 orc warriors
  A black bear (D:7)
  2 sky beasts
  A centaur (D:8)
  2 ogres
  11 wolves
  A necrophage (D:5)
  10 bullfrogs
  An earth elemental (Volcano)
  6 scorpions
  Dowan (D:6)
  7 wights
  9 howler monkeys
  6 lava snakes (Volcano)
  12 orc priests
  2 jellies
  3 gnoll boudas
  4 iguanas
  11 orc wizards
  18 gnolls
  5 adders
  A shadow imp (D:7)
  2 white imps
  2 ufetubi
  A worm (D:2)
  A dart slug (D:1)
  51 orcs
  5 bats
  An endoplasm (D:1)
  3 giant cockroaches
  8 goblins
  12 hobgoblins
  3 jackals (D:4)
  5 kobolds
  3 quokkas
  6 ball pythons
  6 frilled lizards
  A rat (D:1)
  8 bushes (D:8)
315 creatures vanquished.

Vanquished Creatures (collateral kills)
  6 foxfires
6 creatures vanquished.

Vanquished Creatures (others)
  1030 foxfires
  22 fungi
  33 plants
1085 creatures vanquished.

Grand Total: 1406 creatures vanquished

Notes
Turn   | Place    | Note
-------+----------+-------------------------------------------
     0 | D:1      | funkygono the Demonspawn Fire Elementalist began the quest
                  | for the Orb.
     0 | D:1      | Reached XP level 1. HP: 13/13 MP: 3/3
   329 | D:1      | Gained mutation: A meltable shield of frost defends you.
                  | (SH +4) [demonic ancestry]
   329 | D:1      | Reached XP level 2. HP: 19/19 MP: 3/5
   332 | D:1      | Learned a level 2 spell: Scorch
   907 | D:1      | Found a faded altar of an unknown god.
   915 | D:1      | Discovered your monstrous ancestry.
   915 | D:1      | Gained mutation: You have a pair of small antennae on your
                  | head. [demonic ancestry]
   915 | D:1      | Reached XP level 3. HP: 24/24 MP: 2/6
   919 | D:1      | Learned a level 3 spell: Kindle Blastsparks
  1909 | D:2      | Found a radiant altar of Vehumet.
  1916 | D:2      | Became a worshipper of Vehumet
  2640 | D:3      | Gained mutation: You may rarely emit foul miasma when
                  | damaged in melee. [demonic ancestry]
  2640 | D:3      | Reached XP level 4. HP: 31/31 MP: 0/8
  3254 | D:4      | Reached * piety under Vehumet
  3254 | D:4      | Offered knowledge of Kiss of Death by Vehumet.
  3255 | D:4      | Reached skill level 3 in Spellcasting
  3334 | D:4      | Gained mutation: You have a pair of antennae on your head.
                  | [demonic ancestry]
  3334 | D:4      | Reached XP level 5. HP: 10/36 MP: 6/10
  3403 | D:4      | Reached skill level 4 in Spellcasting
  3467 | D:4      | Found an iron altar of Okawaru.
  3682 | D:4      | Found a shadowy altar of Dithmenos.
  4053 | D:4      | Noticed an ogre
  4066 | D:4      | Gained mutation: Your touch may inflict minor irresistible
                  | damage on your foes. [demonic ancestry]
  4066 | D:4      | Reached XP level 6. HP: 16/42 MP: 2/12
  4190 | D:4      | Learned a level 4 spell: Flame Wave
  4192 | D:4      | Learned a level 1 spell: Kiss of Death
  4611 | D:5      | Entered Level 5 of the Dungeon
  4614 | D:5      | Noticed a water moccasin
  4622 | D:5      | Killed a water moccasin
  4623 | D:5      | Reached skill level 5 in Spellcasting
  4716 | D:5      | Found a staircase to the Ecumenical Temple.
  4785 | D:5      | Gained mutation: Your touch may inflict irresistible damage
                  | on your foes. [demonic ancestry]
  4785 | D:5      | Reached XP level 7. HP: 47/47 MP: 7/14
  4931 | D:5      | Found an ornate altar of the Wu Jian Council.
  5856 | D:5      | Identified 3 scrolls of acquirement
  5856 | D:5      | Acquired a +1 pair of boots of flying
  5865 | D:5      | Acquired 873 gold pieces
  5866 | D:5      | Acquired the +3 buckler of the Unseen Realm {Harm rC+}
  5918 | D:6      | Noticed Grinder
  5922 | D:6      | Killed Grinder
  5922 | D:6      | Reached ** piety under Vehumet
  5922 | D:6      | Offered knowledge of Magic Dart by Vehumet.
  5923 | D:6      | Reached skill level 1 in Fighting
  5923 | D:6      | Reached skill level 6 in Spellcasting
  5923 | D:6      | Reached skill level 5 in Fire Magic
  5993 | D:6      | Noticed Duvessa
  5993 | D:6      | Noticed Dowan
  6014 | D:6      | Killed Duvessa
  6015 | D:6      | Reached XP level 8. HP: 54/54 MP: 10/17
  6026 | D:6      | Killed Dowan
  6107 | D:6      | Noticed Sigmund
  6112 | D:6      | Killed Sigmund
  6113 | D:6      | Reached skill level 7 in Spellcasting
  6667 | D:6      | Learned a level 1 spell: Magic Dart
  6745 | D:7      | Identified the +0 robe "Luicsyad" {-Tele Dex+7}
  7083 | D:7      | Reached skill level 8 in Spellcasting
  7083 | D:7      | Gained mutation: A meltable icy envelope protects you from
                  | harm. (AC +4) [demonic ancestry]
  7083 | D:7      | Reached XP level 9. HP: 57/59 MP: 14/21
  7591 | D:7      | Offered knowledge of Momentum Strike by Vehumet.
  7766 | D:7      | Found a hazy altar of Hepliaklqana.
  7790 | D:7      | Reached skill level 5 in Conjurations
  7805 | D:7      | Reached *** piety under Vehumet
  7996 | D:7      | Found an opulent altar of Gozag.
  7997 | D:7      | Found a broken altar of Ashenzari.
  8287 | D:8      | Reached skill level 9 in Spellcasting
  8506 | D:8      | Offered knowledge of Hailstorm by Vehumet.
  8514 | D:8      | Reached XP level 10. HP: 65/65 MP: 11/23
  8681 | D:8      | Found a staircase to the Lair.
  8816 | D:8      | Reached skill level 1 in Air Magic
  8868 | D:8      | Reached skill level 1 in Shields
  9177 | D:8      | Learned a level 3 spell: Hailstorm
  9400 | D:9      | Reached **** piety under Vehumet
  9497 | D:9      | Reached skill level 10 in Spellcasting
  9706 | D:9      | Found an ancient bone altar of Kikubaaqudgha.
  9720 | D:9      | Found a radiant altar of Vehumet.
  9728 | D:9      | Found a sacrificial altar of Ru.
  9787 | D:9      | Found a stormy altar of Qazlal.
  9880 | D:9      | Found a staircase to the Orcish Mines.
  9918 | D:9      | Offered knowledge of Lee's Rapid Deconstruction by Vehumet.
 10037 | D:9      | Learned a level 5 spell: Lee's Rapid Deconstruction
 10043 | D:10     | Entered Level 10 of the Dungeon
 10432 | D:10     | Found a sparkling altar of Nemelex Xobeh.
 11371 | Lair:1   | Entered Level 1 of the Lair of Beasts
 11584 | Lair:1   | Noticed a black mamba
 11589 | Lair:1   | Killed a black mamba
 11590 | Lair:1   | Gained mutation: You have large cloven feet. [demonic
                  | ancestry]
 11590 | Lair:1   | Reached XP level 11. HP: 71/71 MP: 15/25
 11682 | Lair:1   | Reached skill level 1 in Maces & Flails
 12137 | Lair:1   | Reached skill level 11 in Spellcasting
 12372 | Lair:1   | Noticed Sonja
 12382 | Lair:1   | Killed Sonja
 12676 | Lair:1   | Upgraded the game from 0.30-a0-377-g5cb311bc9f to
                  | 0.30-a0-381-g6ea064c7b4
 12699 | Lair:2   | Reached ***** piety under Vehumet
 12714 | Lair:2   | Offered knowledge of Iron Shot by Vehumet.
 12757 | Lair:2   | Reached skill level 10 in Fire Magic
 12970 | Lair:2   | Found a staircase to the Shoals.
 13192 | Lair:2   | Reached skill level 12 in Spellcasting
 13271 | Lair:2   | Reached XP level 12. HP: 78/78 MP: 25/28
 13957 | Lair:2   | Found a runed translucent door.
 13957 | Lair:2   | Noticed ThreePointFourteen's ghost (journeyman DrCj)
 14184 | Lair:2   | Learned a level 6 spell: Iron Shot
 14192 | Lair:2   | Killed ThreePointFourteen's ghost
 14308 | Lair:3   | Found a dark tunnel.
 14338 | Volcano  | Entered a volcano
 14344 | Volcano  | Reached skill level 1 in Earth Magic
 14939 | Volcano  | Found a bloodstained altar of Trog.
 15093 | Volcano  | Noticed a stone giant
 15097 | Volcano  | Slain by a stone giant

Illustrated notes

Levels and vault maps discovered:
D:1:      beargit_arrival_diablo_church, layout_basic,
          shapermc_ecumenical_altar_totnotflames
D:2:      layout_basic, basic_altar
D:3:      layout_basic
D:4:      layout_loops_ring, nicolae_dithmenos_through_a_glass_darkly,
          okawaru_trees_1, zin_academy, serial_rivers,
          chequers_serial_rivers_room_b, chequers_serial_rivers_micro_c,
          chequers_serial_rivers_large_a, chequers_serial_rivers_micro_c,
          hangedman_decor_slide_cut
D:5:      layout_gridville, lemuel_crystal_altar,
          minmay_temple_entry_statues_pillars
D:6:      layout_cave_pools, minmay_statues_item, uniq_grinder, uniq_duvessa,
          uniq_sigmund
D:7:      layout_rooms, minitemple, mainiacjoe_overflow_concentric_impassable
D:8:      layout_basic, minmay_lair_entry_grove
D:9:      layout_gridville, nicolae_qazlal_general_emergency,
          grunt_temple_overflow_cloverleaf, minmay_orc_entry_temple_small
D:10:     layout_loops_corners, nemelex_spade_bored_becter
Lair:1:   layout_regular_city, uniq_sonja
Lair:2:   layout_hall_layers, minmay_shoals_entry_beasts, gammafunk_ghost_grave,
          st_stairs_4, chequers_serial_rivers_micro_a, grunt_megastairs_3
Lair:3:   layout_chaotic_city, dummy_snake_entry, gammafunk_ghost_icy,
          nicolae_volcano_entry_two_sided, serial_bayou_shore_b
Volcano:  volcano_lake [vl_original]

Skill      XL: |  1  2  3  4  5  6  7  8  9 10 11 12 |
---------------+-------------------------------------+-----
Fire Magic     | 3 4 5 6 7 9 10 11 | 11.4
Spellcasting   | 3 4 5 6 8 9 10 12 | 12.5
Conjurations   | 2 3 4 5 6 7 8 |  8.0
Fighting       | 1 2 |  2.1
Dodging        | 2 3 |  3.6
Air Magic      | 1 |  1.2
Shields        | 2 |  2.9
Maces & Flails | 1 |  1.2
Earth Magic    | 1 |  1.8
Stealth        | |  1.7
Ice Magic      | |  0.7

Action                   |  1- 3 |  4- 6 |  7- 9 | 10-12 || total
-------------------------+-------+-------+-------+-------++-------
Melee: Whip              |     6 |     7 |       |       ||    13
       Punch             |       |     1 |       |       ||     1
       Flail             |       |       |     2 |    39 ||    41
 Cast: Foxfire           |    57 |    70 |   204 |   261 ||   592
       Scorch            |    10 |    21 |    41 |    74 ||   146
       Flame Wave        |       |       |     5 |    26 ||    31
       Kindle Blastspark |       |       |     2 |       ||     2
       Hailstorm         |       |       |       |    23 ||    23
       Magic Dart        |       |       |       |     6 ||     6
  Use: Potion            |       |     1 |       |     1 ||     2
       Scroll            |       |       |    23 |     7 ||    30
Armor: Robe              |     2 |     6 |    10 |       ||    18
       Steam dragon scal |       |       |       |    62 ||    62
Dodge: Dodged            |    11 |    10 |    10 |    53 ||    84
Block: Other             |     4 |     2 |       |       ||     6
       Buckler           |       |       |    21 |    46 ||    67

Table legend: (Time is in decaauts)
 A = Elapsed time spent in this place.
 B = Non-inter-level travel time spent in this place.
 C = Inter-level travel time spent in this place.
 D = Time resting spent in this place.
 E = Time spent auto-exploring this place.
 F = Levels seen in this place.
 G = Mean time per level.
                   A        B        C        D        E       F      G
               +--------+--------+--------+--------+--------+-----+--------+
         Total |  15130 |  14705 |    425 |    894 |  11517 |  14 | 1080.7 |
       Dungeon |  11386 |  10997 |    389 |    520 |   8787 |  10 | 1138.6 |
          Lair |   2976 |   2940 |     36 |    193 |   2315 |   3 |  992.0 |
       Volcano |    766 |    766 |      0 |    181 |    415 |   1 |  766.0 |
               +--------+--------+--------+--------+--------+-----+--------+

Top non-repeatable levels by time:
  Lair:2: 1484 daAuts
  Lair:1: 1439 daAuts
     D:1: 1406 daAuts
     D:4: 1391 daAuts
     D:5: 1289 daAuts
     D:7: 1269 daAuts
     D:8: 1241 daAuts
    D:10: 1127 daAuts
     D:2: 1027 daAuts
     D:6: 982 daAuts
     D:9: 855 daAuts
     D:3: 795 daAuts
 Volcano: 766 daAuts
  Lair:3: 52 daAuts
